PL
VANCOUVER GREY WOLVES @ DETROIT RENAISSANCE
08/02/2026
 
TOP OF THE 1ST
Vancouver Grey Wolves batting - Pitching for Detroit Renaissance : LHP Jaime Carrión
Pitching: LHP Jaime Carrión
Batting: RHB Hieu De 0-0: Called Strike
0-1: Ball
1-1: Foul Ball, location: 2F
1-2: Ground out 5-3 (Groundball, 56S)
Batting: RHB Enrique Fuentes 0-0: Ball
1-0: Swinging Strike
1-1: Ball
2-1: Ball
3-1: Foul Ball, location: 2F
3-2: Foul Ball, location: 2F
3-2: Foul Ball, location: 2F
3-2: Base on Balls
Batting: RHB Álex Estrada 0-0: Ball
1-0: SINGLE (Groundball, 5D)
Enrique Fuentes to second
Batting: RHB Hank Scorpio 0-0: Called Strike
0-1: Foul Ball, location: 2F
0-2: Ball
1-2: Strikes out looking
Batting: RHB Dusty Childress 0-0: Ball
1-0: Swinging Strike
1-1: Ball
2-1: Fielders Choice at 2nd, 6-4 (Groundball, 6)
Top of the 1st over - 0 run(s), 1 hit(s), 0 error(s), 1 left on base; Vancouver 0 - Detroit 0
BOTTOM OF THE 1ST
Detroit Renaissance batting - Pitching for Vancouver Grey Wolves : RHP Roberto De La Cruz
Pitching: RHP Roberto De La Cruz
Batting: SHB Valentín Guzmán 0-0: Ball
1-0: Ball
2-0: SINGLE (Line Drive, 34)
Batting: RHB Bernardo Herrera 0-0: Called Strike
Valentín Guzmán steals 2nd base
0-1: Swinging Strike
0-2: Ball
1-2: Fly out, F8 (Flyball, 8LD)
Runner from 2nd tags up, SAFE at 3rd, no throw
Batting: SHB Terumoto Kurihara 0-0: SINGLE (Line Drive, 9LS)
Valentín Guzmán scores
Batting: LHB Juan González 0-0: Ball
1-0: Ball
Wild Pitch!
Terumoto Kurihara to second
2-0: Ball
3-0: Base on Balls
Batting: LHB Michael Neely 0-0: Fly out, F8 (Flyball, 78D)
Batting: LHB Yoichibei Sato 0-0: Called Strike
0-1: Foul Ball, location: 2F
0-2: Ball
1-2: Ball
2-2: Foul Ball, location: 2F
2-2: Ground out 3-1 (Groundball, 34)
Bottom of the 1st over - 1 run(s), 2 hit(s), 0 error(s), 2 left on base; Vancouver 0 - Detroit 1
TOP OF THE 2ND
Vancouver Grey Wolves batting - Pitching for Detroit Renaissance : LHP Jaime Carrión
Batting: LHB Francisco Santos 0-0: SINGLE (Groundball, 4D)
Batting: RHB Tony Farquharson 0-0: Ball
1-0: Called Strike
1-1: Foul Ball, location: 2F
1-2: Ball
2-2: Ball
3-2: Foul Ball, location: 2F
3-2: Ground out 6-3 (Groundball, 6D)
Francisco Santos to second
Batting: LHB Tom Cotton 0-0: Called Strike
0-1: Fly out, F8 (Line Drive, 8RM)
Batting: RHB Joaquín Parra 0-0: DOUBLE (Groundball, 5L)
Francisco Santos scores
Batting: RHB Hieu De 0-0: Ball
1-0: Ball
2-0: Ball
3-0: Called Strike
3-1: Foul Ball, location: 2F
3-2: Strikes out looking
Top of the 2nd over - 1 run(s), 2 hit(s), 0 error(s), 1 left on base; Vancouver 1 - Detroit 1
BOTTOM OF THE 2ND
Detroit Renaissance batting - Pitching for Vancouver Grey Wolves : RHP Roberto De La Cruz
Batting: LHB Mike Silver 0-0: Foul Ball, location: 2F
0-1: Foul Ball, location: 2F
0-2: Strikes out swinging
Batting: LHB Gustavo Cortéz 0-0: Ball
1-0: Foul Ball, location: 2F
1-1: DOUBLE (Groundball, 5L)
Batting: RHB Kyle Bywaters 0-0: Ball
1-0: Called Strike
1-1: Foul Ball, location: 2F
1-2: Ball
2-2: Ball
3-2: SINGLE (Groundball, 6M) (infield hit)
Gustavo Cortéz to third
Batting: SHB Valentín Guzmán 0-0: Ball
1-0: Fly out, F4 (Line Drive, 4)
Batting: RHB Bernardo Herrera 0-0: Called Strike
0-1: Foul Ball, location: 2F
0-2: Foul Ball, location: 2F
0-2: Fielders Choice at 2nd, 5-4 (Groundball, 56)
Bottom of the 2nd over - 0 run(s), 2 hit(s), 0 error(s), 1 left on base; Vancouver 1 - Detroit 1
TOP OF THE 3RD
Vancouver Grey Wolves batting - Pitching for Detroit Renaissance : LHP Jaime Carrión
Batting: RHB Enrique Fuentes 0-0: Swinging Strike
0-1: Called Strike
0-2: Strikes out swinging, 2-3 out at first.
Batting: RHB Álex Estrada 0-0: Foul Ball, location: 2F
0-1: Ball
1-1: Foul Ball, location: 2F
1-2: Strikes out looking
Batting: RHB Hank Scorpio 0-0: Called Strike
0-1: Called Strike
0-2: Ball
1-2: Strikes out swinging
Top of the 3rd over - 0 run(s), 0 hit(s), 0 error(s), 0 left on base; Vancouver 1 - Detroit 1
BOTTOM OF THE 3RD
Detroit Renaissance batting - Pitching for Vancouver Grey Wolves : RHP Roberto De La Cruz
Batting: SHB Terumoto Kurihara 0-0: Called Strike
0-1: Ball
1-1: Called Strike
1-2: Ball
2-2: Ball
3-2: SINGLE (Flyball, 8LS)
Batting: LHB Juan González 0-0: Called Strike
0-1: Swinging Strike
0-2: Ball
1-2: Ball
2-2: Foul Ball, location: 2F
2-2: Ball
3-2: Fly out, F9 (Flyball, 89M)
Batting: LHB Michael Neely 0-0: Called Strike
0-1: Ball
1-1: Fly out, F8 (Flyball, 8LS)
Now in CF: Rick Harrison
Batting: LHB Yoichibei Sato 0-0: Called Strike
0-1: Foul Ball, location: 2F
0-2: Strikes out swinging
Bottom of the 3rd over - 0 run(s), 1 hit(s), 0 error(s), 1 left on base; Vancouver 1 - Detroit 1
TOP OF THE 4TH
Vancouver Grey Wolves batting - Pitching for Detroit Renaissance : LHP Jaime Carrión
Batting: LHB Rick Harrison 0-0: Called Strike
0-1: Foul Ball, location: 2F
0-2: Foul Ball, location: 2F
0-2: Foul Ball, location: 2F
0-2: Ground out 4-3 (Groundball, 4)
Batting: LHB Francisco Santos 0-0: Called Strike
0-1: Foul Ball, location: 2F
0-2: Fly out, F9 (Flyball, 89M)
Batting: RHB Tony Farquharson 0-0: Ball
1-0: Called Strike
1-1: Ball
2-1: Foul Ball, location: 2F
2-2: Foul Ball, location: 2F
2-2: Ball
3-2: Base on Balls
Batting: LHB Tom Cotton 0-0: Called Strike
0-1: Fielders Choice at 2nd, 4-6 (Groundball, 4)
Top of the 4th over - 0 run(s), 0 hit(s), 0 error(s), 0 left on base; Vancouver 1 - Detroit 1
BOTTOM OF THE 4TH
Detroit Renaissance batting - Pitching for Vancouver Grey Wolves : RHP Roberto De La Cruz
Batting: LHB Mike Silver 0-0: Called Strike
0-1: Swinging Strike
0-2: Foul Ball, location: 2F
0-2: Ball
1-2: Foul Ball, location: 2F
1-2: Fly out, F1 (Line Drive, 13)
Batting: LHB Gustavo Cortéz 0-0: Swinging Strike
0-1: Foul Ball, location: 2F
0-2: Ball
1-2: Strikes out swinging
Batting: RHB Kyle Bywaters 0-0: Called Strike
0-1: Foul Ball, location: 2F
0-2: Ball
1-2: Ground out 4-3 (Groundball, 34)
Bottom of the 4th over - 0 run(s), 0 hit(s), 0 error(s), 0 left on base; Vancouver 1 - Detroit 1
TOP OF THE 5TH
Vancouver Grey Wolves batting - Pitching for Detroit Renaissance : LHP Jaime Carrión
Batting: RHB Joaquín Parra 0-0: Fly out, F8 (Flyball, 8RM)
Batting: RHB Hieu De 0-0: Swinging Strike
0-1: Ball
1-1: Ball
2-1: Foul Ball, location: 2F
2-2: Ball
3-2: Fly out, F7 (Flyball, 78M)
Batting: RHB Enrique Fuentes 0-0: Fly out, F8 (Line Drive, 8LD)
Top of the 5th over - 0 run(s), 0 hit(s), 0 error(s), 0 left on base; Vancouver 1 - Detroit 1
BOTTOM OF THE 5TH
Detroit Renaissance batting - Pitching for Vancouver Grey Wolves : RHP Roberto De La Cruz
Batting: RHB Ludwig Kluge 0-0: Ball
1-0: Foul Ball, location: 2F
1-1: Called Strike
1-2: Ground out 6-3 (Groundball, 6)
Batting: RHB Bernardo Herrera 0-0: Ball
1-0: Ball
2-0: Ball
3-0: Called Strike
3-1: Swinging Strike
3-2: Strikes out swinging
Batting: SHB Terumoto Kurihara 0-0: Ball
1-0: Called Strike
1-1: Ball
2-1: Foul Ball, location: 2F
2-2: Ground out 3-1 (Groundball, 34)
Bottom of the 5th over - 0 run(s), 0 hit(s), 0 error(s), 0 left on base; Vancouver 1 - Detroit 1
TOP OF THE 6TH
Vancouver Grey Wolves batting - Pitching for Detroit Renaissance : LHP Jaime Carrión
Now in CF: Ludwig Kluge
Batting: RHB Álex Estrada 0-0: Ball
1-0: Ground out 5-3 (Groundball, 25)
Batting: RHB Hank Scorpio 0-0: Called Strike
0-1: Ball
1-1: Ground out 5-3 (Groundball, 56S)
Batting: LHB Rick Harrison 0-0: SINGLE (Line Drive, 4MD)
Batting: LHB Francisco Santos 0-0: Ball
1-0: Ball
2-0: Called Strike
2-1: Fielders Choice at 2nd, 6-4 (Groundball, 6)
Top of the 6th over - 0 run(s), 1 hit(s), 0 error(s), 0 left on base; Vancouver 1 - Detroit 1
BOTTOM OF THE 6TH
Detroit Renaissance batting - Pitching for Vancouver Grey Wolves : RHP Roberto De La Cruz
Batting: LHB Juan González 0-0: Ball
1-0: Foul Ball, location: 2F
1-1: Ball
2-1: Ball
3-1: Called Strike
3-2: Base on Balls
Batting: LHB Michael Neely 0-0: Called Strike
0-1: Ball
1-1: Foul Ball, location: 2F
1-2: Ball
2-2: Ball
3-2: Base on Balls
Juan González to second
Batting: LHB Yoichibei Sato 0-0: Ball
1-0: Sac Bunt - play at first, batter OUT! 1-4
Juan González to third
Michael Neely to second
Batting: LHB Mike Silver 0-0: Called Strike
0-1: SINGLE (Line Drive, 9S)
Juan González scores
Michael Neely to third
Runner from 3rd tries for Home, SAFE, throw made home
Mike Silver to second
Pitching: RHP John Hicks
Batting: LHB Gustavo Cortéz 0-0: Foul Ball, location: 2F
0-1: Ball
1-1: Ball
2-1: Foul Ball, location: 2F
2-2: Foul Ball, location: 2F
2-2: Ball
3-2: Ground out 3-1 (Groundball, 34)
Mike Silver to third
Batting: RHB Kyle Bywaters 0-0: Called Strike
0-1: Ball
1-1: Ball
2-1: Ball
3-1: Base on Balls
Batting: RHB Ludwig Kluge 0-0: Foul Ball, location: 2F
0-1: Ball
1-1: Ball
2-1: Ball
3-1: SINGLE (Line Drive, 78S)
Mike Silver scores
Kyle Bywaters to second
Batting: RHB Bernardo Herrera 0-0: Called Strike
0-1: Foul Ball, location: 2F
0-2: Strikes out looking
Bottom of the 6th over - 3 run(s), 2 hit(s), 0 error(s), 2 left on base; Vancouver 1 - Detroit 4
TOP OF THE 7TH
Vancouver Grey Wolves batting - Pitching for Detroit Renaissance : LHP Jaime Carrión
Batting: RHB Tony Farquharson 0-0: Foul Ball, location: 2F
0-1: Foul Ball, location: 2F
0-2: Strikes out swinging
Batting: LHB Tom Cotton 0-0: Ball
1-0: Foul Ball, location: 2F
1-1: Foul Ball, location: 2F
1-2: Foul Ball, location: 2F
1-2: Strikes out swinging
Batting: RHB Joaquín Parra 0-0: Called Strike
0-1: Ball
1-1: Called Strike
1-2: Ball
2-2: Foul Ball, location: 2F
2-2: Ball
3-2: Foul Ball, location: 2F
3-2: Ground out 5-3 (Groundball, 5)
Top of the 7th over - 0 run(s), 0 hit(s), 0 error(s), 0 left on base; Vancouver 1 - Detroit 4
BOTTOM OF THE 7TH
Detroit Renaissance batting - Pitching for Vancouver Grey Wolves : RHP John Hicks
Batting: SHB Terumoto Kurihara 0-0: Called Strike
0-1: Foul Ball, location: 2F
0-2: Foul Ball, location: 2F
0-2: DOUBLE (Line Drive, 78D)
Batting: LHB Juan González 0-0: Ball
1-0: Swinging Strike
1-1: Called Strike
1-2: Ball
2-2: Foul Ball, location: 2F
2-2: Strikes out swinging
Batting: LHB Michael Neely 0-0: Foul Ball, location: 2F
0-1: Foul Ball, location: 2F
0-2: Foul Ball, location: 2F
0-2: Strikes out swinging
Batting: LHB Yoichibei Sato 0-0: Ball
1-0: Fly out, F9 (Flyball, 9D)
Bottom of the 7th over - 0 run(s), 1 hit(s), 0 error(s), 1 left on base; Vancouver 1 - Detroit 4
TOP OF THE 8TH
Vancouver Grey Wolves batting - Pitching for Detroit Renaissance : LHP Jaime Carrión
Pitching: RHP Lyle Lanley
Batting: RHB Hieu De 0-0: Ball
1-0: Fly out, F8 (Flyball, 89D)
Batting: RHB Enrique Fuentes 0-0: Foul Ball, location: 2F
0-1: Ball
1-1: Ball
2-1: Swinging Strike
2-2: Strikes out looking
Batting: RHB Álex Estrada 0-0: Swinging Strike
0-1: Ball
1-1: Ball
2-1: Ball
3-1: Foul Ball, location: 2F
3-2: Strikes out looking
Top of the 8th over - 0 run(s), 0 hit(s), 0 error(s), 0 left on base; Vancouver 1 - Detroit 4
BOTTOM OF THE 8TH
Detroit Renaissance batting - Pitching for Vancouver Grey Wolves : RHP John Hicks
Batting: LHB Mike Silver 0-0: Called Strike
0-1: Called Strike
0-2: Ball
1-2: Ball
2-2: Ball
3-2: Foul Ball, location: 2F
3-2: Foul Ball, location: 2F
3-2: Foul Ball, location: 2F
3-2: Fly out, F8 (Flyball, 8LM)
Pitching: RHP Burt Booth
Batting: LHB Gustavo Cortéz 0-0: Foul Ball, location: 2F
0-1: Swinging Strike
0-2: Ball
1-2: Foul Ball, location: 2F
1-2: Strikes out swinging
Batting: RHB Kyle Bywaters 0-0: Ball
1-0: Ball
2-0: Foul Ball, location: 2F
2-1: Ground out 6-3 (Groundball, 6)
Bottom of the 8th over - 0 run(s), 0 hit(s), 0 error(s), 0 left on base; Vancouver 1 - Detroit 4
TOP OF THE 9TH
Vancouver Grey Wolves batting - Pitching for Detroit Renaissance : RHP Lyle Lanley
Pitching: RHP Jack Carr
Batting: RHB Hank Scorpio 0-0: Called Strike
0-1: Ground out 6-3 (Groundball, 56)
Batting: LHB Rick Harrison 0-0: DOUBLE (Line Drive, 89D)
Batting: LHB Francisco Santos 0-0: Called Strike
0-1: Foul Ball, location: 2F
0-2: Ball
1-2: SINGLE (Flyball, 8LS)
Rick Harrison to third
Runner from 3rd tries for Home, throw and OUT!
Francisco Santos to second
Batting: RHB Tony Farquharson 0-0: Ball
1-0: Foul Ball, location: 2F
1-1: Foul Ball, location: 2F
1-2: Strikes out swinging
Top of the 9th over - 0 run(s), 2 hit(s), 0 error(s), 1 left on base; Vancouver 1 - Detroit 4
Monday, March 20th, 2017 - OOTP Baseball 17.12 Build 75